 Dungeon Sprint DCSS version 0.14-a0-736-g2a71271 (webtiles) character file.

41161 4tharraofdagon the Executioner (level 14, -1/114 HPs)
             Began as a Formicid Fighter on Nov 7, 2013.
             Was the Champion of Makhleb.
             Killed from afar by a red draconian (5 damage)
             ... with a searing blast
             ... in the Dungeon (Sprint V: "Ziggurat Sprint").
             The game lasted 00:12:50 (535 turns).

4tharraofdagon the Executioner (Formicid Fighter)    Turns: 535, Time: 00:12:50

HP  -1/114       AC 33     Str 35      XL: 14   Next: 48%
MP  25/32        EV  9     Int  5      God: Makhleb [******]
Gold 0           SH 35     Dex 13      Spells:  0 memorised, 13 levels left

Res.Fire  : + + +   See Invis. : .   T - +5,+1 dwarf broad axe (vamp)
Res.Cold  : + + +   Warding    : .   R - +8 pearl dragon armour of Negligence {rN+ Str+3 Dex+3}
Life Prot.: + + .   Conserve   : +   G - +6 shield of the gong {rElec rN+ MR+}
Res.Poison: +       Res.Corr.  : .   (helmet restricted)
Res.Elec. : +       Clarity    : .   K - +2 cloak of the Oligarchy {Hunger rPois rF+ MR++ Int-2 Acc+5}
Sust.Abil.: . .     Spirit.Shd : .   (no gloves)
Res.Mut.  : .       Stasis     : +   (no boots)
Res.Rott. : .       Flight     : .   M - amulet of conservation
Saprovore : . . .                    H - ring of Vitality {Regen HP+15}
                                     J - ring "Prudigi" {rF+ rC++ AC+2}

@: mighty, extraordinarily resistant to hostile enchantments, extremely
unstealthy
A: permanent stasis, dig shafts and tunnels, four strong arms, poison weakness,
antennae 2, exoskeleton 1
a: Dig, Minor Destruction, Lesser Servant of Makhleb, Major Destruction, Greater
Servant of Makhleb, Renounce Religion


You were in the Dungeon.
You worshipped Makhleb.
Makhleb was exalted by your worship.
You were not hungry.

You visited 1 branch

Inventory:

Hand weapons
 F - the +12,+15 obsidian axe {chop, +Fly Str+3 SInv Curse}
   (You found it in the Dungeon)

   It inflicts extra damage upon your enemies.
   It affects your strength (+3).
   It enhances your eyesight.
   It lets you fly.
   It may recurse itself.
 L - a +2,+1 broad axe of distortion
 T - a +5,+1 dwarven vampiric broad axe (weapon)
Armour
 G - the +6 shield of the gong (worn) {rElec rN+ MR+}
   (You found it in the Dungeon)

   It insulates you from electricity.
   It protects you from negative energy.
   It affects your resistance to hostile enchantments.
 K - the +2 cloak of the Oligarchy (worn) {Hunger rPois rF+ MR++ Int-2 Acc+5}
   (You found it in the Dungeon)

   It affects your intelligence (-2).
   It affects your accuracy (+5).
   It protects you from fire.
   It protects you from poison.
   It affects your resistance to hostile enchantments.
   It speeds your metabolism.
 O - the cursed +8 large shield of Ignorance {rN+ AC+2 EV+2 Int-6 Curse}
   (You found it in the Dungeon)

   It affects your AC (+2).
   It affects your evasion (+2).
   It affects your intelligence (-6).
   It protects you from negative energy.
   It may recurse itself.
   It has a curse placed upon it.
 R - the +8 pearl dragon armour of Negligence (worn) {rN+ Str+3 Dex+3}
   (You found it in the Dungeon)

   It affects your strength (+3).
   It affects your dexterity (+3).
   It protects you from negative energy.
 S - the cursed -2 pair of boots "Liydeleps" {Str+3 Dex+4}
   (You found it in the Dungeon)

   It affects your strength (+3).
   It affects your dexterity (+4).
   It has a curse placed upon it.
Magical devices
 c - a wand of heal wounds (6)
 m - a wand of cold (5)
 n - a wand of disintegration (7)
 o - a wand of fire (5)
Comestibles
 d - 4 bread rations
 D - 4 meat rations
Scrolls
 j - 4 scrolls of blinking
 w - 4 scrolls of amnesia
 x - 2 scrolls of fear
 y - 6 scrolls of fog
 z - a scroll of holy word
 A - 5 scrolls of identify
 B - 2 scrolls of recharging
 C - 4 scrolls of remove curse
Jewellery
 b - an uncursed amulet of clarity
 k - a +6 ring of strength
 l - a +6 ring of strength
 r - an uncursed amulet of resist corrosion
 H - the ring of Vitality (right hand) {Regen HP+15}
   (You found it in the Dungeon)

   [ring of regeneration]

   It affects your health (+15).
 J - the ring "Prudigi" (left hand) {rF+ rC++ AC+2}
   (You found it in the Dungeon)

   [ring of protection]

   It affects your AC (+2).
   It protects you from fire.
   It greatly protects you from cold.
 M - an amulet of conservation (around neck)
Potions
 e - 10 potions of curing
 f - 9 potions of heal wounds
 g - 6 potions of speed
 h - 7 potions of magic
 i - 3 potions of berserk rage
 p - 3 potions of agility
 q - 2 potions of brilliance
 s - 2 potions of invisibility
 t - 3 potions of might
 u - 3 potions of resistance
 v - 2 potions of restore abilities
Books
 a - a book of Minor Magic

   Spells                             Type                      Level
   Magic Dart                         Conjuration                  1
   Blink                              Translocation                2
   Call Imp                           Summoning                    2
   Repel Missiles                     Charms/Air                   2
   Slow                               Hexes                        2
   Conjure Flame                      Conjuration/Fire             3
   Mephitic Cloud                     Conjuration/Poison/Air       3
Miscellaneous
 E - a phial of floods
 I - a fan of gales (inert)
 N - a lamp of fire
 P - a sack of spiders
 Q - a phial of floods


   Skills:
 + Level 16.0 Fighting
 * Level 21.3 Axes
 + Level 18.5 Armour
 - Level 13.0 Shields
 + Level 18.3 Evocations


You had 13 spell levels left.
You didn't know any spells.

Dungeon Overview and Level Annotations

Branches:
Dungeon (1/1)

Altars:
Ashenzari
Cheibriados
Elyvilon
Fedhas
Kikubaaqudgha
Makhleb
Nemelex Xobeh
Okawaru
Sif Muna
Trog
Vehumet
Xom
Yredelemnul
Zin
the Shining One
Beogh
Jiyva
Lugonu


Innate Abilities, Weirdness & Mutations

Your are under a permanent stasis effect.
You can dig through walls and to a lower floor.
Your four strong arms can wield any weapon, most with a shield.
You are susceptible to poison.
You have a pair of antennae on your head.
Your body is surrounded by an exoskeleton. (HP +5, AC +1)


Message History

The grey draconian struggles to get unstuck from the web.
You block the Orb Guardian's attack.
PTOANNNG!
The Orb Guardian closely misses you.
The red draconian is caught in a web!
The electric golem passes through a web.
Unknown command.
Unknown command.
Unknown command.
Unknown command.
Evoke which item? (* to show all) (? for menu, Esc to quit)
A mighty gale blasts forth from the fan!
The monsters around you are blown away!
The winds coalesce and take form.
You block the Orb Guardian's attack.
SHROANNG!
The green draconian closely misses your air elemental.
The green draconian tail-slaps your air elemental!
Your orb spider barely misses the grey draconian.
The red draconian breathes fire at you. The searing blast hits you! You resist.
You die...

§§§d§§§... #..........
.§.§§y§.§§§§ #.....))...
#.§d≈§≈E≈.§§s.#..#.....#.
#.§E≈≈≈≈dddd.§#.###...###
#...d≈Ddd.^.8§#..#.....#.
#.^d≈≈≈≈≈....§#..........
#.d#d≈≈≈.^^#§§###########
#§Ed^^^.XX..§§#...{8©8...
#.§.^^^^@^.^§§#..|{[{)|[.
#§.^^^^^§^^..§#...4EE})..
###############....§§%...
#.....§....


{{{{{ #.....§.... {{{ #.......... #.......... #..#..%..#. #.......... You could
see an electric golem, a black draconian (berserk), 2 draconians, 4 draconians,
4 draconians, a grey draconian (berserk), a dragon, 2 Orb Guardians, a moth of
wrath, a friendly orb spider and 3 friendly air elementals.

Vanquished Creatures
  An Orb Guardian (D)
  4 deep elf master archers (D)
  3 deep elf blademasters (D)
  3 deep elf sorcerers (D)
  A reaper (D)
  2 deep elf annihilators (D)
  A black draconian (D)
  An ice dragon (D)
  2 deep elf high priests (D)
  2 anacondas (shapeshifter) (D)
  2 very ugly things (D)
  A sun demon (D)
  A giant orange brain (shapeshifter) (D)
  A water nymph (shapeshifter) (D)
  2 skeletal warriors (D)
  A faun (shapeshifter) (D)
  A sea snake (shapeshifter) (D)
  An ice devil (D)
  A hill giant (shapeshifter) (D)
  2 deep elf conjurers (D)
  2 wolf spiders (D)
  A wolf spider (shapeshifter) (D)
  A shining eye (D)
  A shining eye (shapeshifter) (D)
  A red wasp (shapeshifter) (D)
  2 deep elf summoners (D)
  A spectral elf (D)
  A mermaid (shapeshifter) (D)
  A deep elf priest (D)
  2 iron devils (D)
  2 jumping spiders (D)
  5 draconians (D)
  3 wraiths (D)
  A shadow (D)
  2 deep elf magi (D)
  A ynoxinul (D)
  2 deep elf fighters (D)
  3 neqoxecs (D)
  A merfolk (shapeshifter) (D)
  2 merfolk (D)
  2 hell hounds (D)
  A necrophage (D)
  2 small abominations (D)
  2 starcursed masses (D)
  2 wights (D)
  3 orc priests (D)
  2 iron imps (D)
  An orange rat (D)
  2 scorpions (D)
  3 orc wizards (D)
  A mummy (D)
  A giant centipede (D)
  3 giant mites (D)
  2 white imps (D)
  3 shadow imps (D)
  An ufetubus (D)
  An adder zombie (D)
  2 adder skeletons (D)
  3 orcs (D)
  2 bat skeletons (D)
  2 giant gecko zombies (D)
  A giant newt skeleton (D)
  A giant newt zombie (D)
  A goblin zombie (D)
  A hobgoblin skeleton (D)
  3 kobold skeletons (D)
  A kobold zombie (D)
  A quokka zombie (D)
  A rat zombie (D)
  6 crawling corpses (D)
  A fungus (D)
126 creatures vanquished.

Vanquished Creatures (collateral kills)
  A spectral elf (D)
  2 draconians (D)
  A very ugly thing (D)
  2 water elementals (D)
  A red wasp (shapeshifter) (D)
  A shining eye (D)
  A cyclops (shapeshifter) (D)
  A baby alligator (shapeshifter) (D)
  A basilisk (shapeshifter) (D)
  An ugly thing (D)
  2 neqoxecs (D)
  A deep elf fighter (D)
  A hippogriff (shapeshifter) (D)
  A wight (D)
  A mummy (D)
  An adder zombie (D)
19 creatures vanquished.

Vanquished Creatures (others)
  A deep elf death mage (D)
  A deep elf knight (D)
  3 air elementals (D)
  6 water elementals (D)
  An orange demon (D)
  4 orb spiders (D)
  2 jumping spiders (D)
  A deep elf mage (D)
  6 fire elementals (D)
  A redback (D)
  6 ufetubi (D)
32 creatures vanquished.

Grand Total: 177 creatures vanquished

Notes
Turn   | Place    | Note
--------------------------------------------------------------
     0 | D        | 4tharraofdagon, the Formicid Fighter, began the quest for the Orb.
     0 | D        | Reached XP level 1. HP: 19/19 MP: 0/0
     1 | D        | Found a white marble altar of Elyvilon.
     2 | D        | Found a burning altar of Makhleb.
     2 | D        | Found a deep blue altar of Sif Muna.
     2 | D        | Found a sparkling altar of Nemelex Xobeh.
     3 | D        | Found a bloodstained altar of Trog.
     4 | D        | Found an iron altar of Okawaru.
    13 | D        | Found an ancient bone altar of Kikubaaqudgha.
    15 | D        | Found a radiant altar of Vehumet.
    15 | D        | Found a basalt altar of Yredelemnul.
    66 | D        | Became a worshipper of Makhleb the Destroyer
    70 | D        | Found a shimmering altar of Xom.
    71 | D        | Reached skill level 4 in Fighting
    71 | D        | Reached skill level 5 in Armour
    71 | D        | Reached XP level 2. HP: 25/25 MP: 0/2
    72 | D        | Entered arena 1.
    72 | D        | Noticed a merfolk
    72 | D        | Noticed a merfolk
    75 | D        | Killed a merfolk
    75 | D        | Reached skill level 5 in Fighting
    75 | D        | Reached skill level 6 in Axes
    75 | D        | Reached skill level 5 in Shields
    75 | D        | Reached skill level 5 in Evocations
    75 | D        | Reached XP level 3. HP: 20/29 MP: 0/4
    75 | D        | Reached XP level 4. HP: 23/34 MP: 0/6
    75 | D        | Reached XP level 5. HP: 26/39 MP: 0/8
    81 | D        | Killed a merfolk
    81 | D        | Reached skill level 8 in Axes
    81 | D        | Reached XP level 6. HP: 26/45 MP: 1/11
    87 | D        | Entered arena 2.
    87 | D        | Noticed a necrophage
    87 | D        | Noticed a wight
    90 | D        | Acquired Makhleb's first power
    90 | D        | Killed a necrophage
    90 | D        | Reached XP level 7. HP: 30/49 MP: 2/13
    93 | D        | Killed a wight
    98 | D        | Entered arena 3.
    98 | D        | Noticed an orc priest
    98 | D        | Noticed an orc wizard
   101 | D        | Acquired Makhleb's second power
   101 | D        | Killed an orc wizard
   102 | D        | Killed an orc priest
   102 | D        | Reached skill level 9 in Axes
   110 | D        | Acquired Makhleb's third power
   113 | D        | Entered arena 4.
   113 | D        | Noticed a deep elf fighter
   113 | D        | Noticed a deep elf summoner
   113 | D        | Noticed a deep elf summoner
   117 | D        | Noticed a demonic crawler
   117 | D        | Noticed a jumping spider
   118 | D        | Killed a jumping spider
   118 | D        | Killed a deep elf summoner
   118 | D        | Reached skill level 10 in Axes
   118 | D        | Gained mutation: You have a pair of antennae on your head. [level up]
   118 | D        | Reached XP level 8. HP: 40/56 MP: 6/17
   118 | D        | Identified a +3 rod of destruction (9/10)
   119 | D        | Killed a deep elf summoner
   121 | D        | Killed a deep elf fighter
   130 | D        | Entered arena 5.
   130 | D        | Noticed an orc wizard
   130 | D        | Noticed an orc priest
   130 | D        | Noticed an orc priest
   130 | D        | Noticed an orc wizard
   133 | D        | Killed an orc priest
   133 | D        | Acquired Makhleb's fourth power
   133 | D        | Reached skill level 11 in Axes
   134 | D        | Killed an orc wizard
   134 | D        | Killed an orc priest
   135 | D        | Killed an orc wizard
   140 | D        | Acquired Makhleb's fifth power
   147 | D        | Entered arena 6.
   147 | D        | Noticed a small abomination
   147 | D        | Noticed a starcursed mass
   147 | D        | Noticed an iron imp
   153 | D        | Killed an iron imp
   153 | D        | Reached XP level 9. HP: 61/61 MP: 12/20
   154 | D        | Killed a small abomination
   154 | D        | Reached skill level 10 in Armour
   159 | D        | Killed a starcursed mass
   161 | D        | Killed a starcursed mass
   161 | D        | Reached skill level 12 in Axes
   161 | D        | Reached skill level 10 in Evocations
   167 | D        | Entered arena 7.
   167 | D        | Noticed a hell hound
   175 | D        | Killed a hell hound
   181 | D        | Got the ring "Prudigi" {rF+ rC++ AC+2}
   184 | D        | Got the +2 cloak of the Oligarchy {Hunger rPois rF+ MR++ Int-2 Acc+5}
   194 | D        | Entered arena 8.
   194 | D        | Noticed a hell hound
   199 | D        | Killed a hell hound
   211 | D        | Entered arena 9.
   211 | D        | Noticed a black draconian
   211 | D        | Noticed a draconian
   211 | D        | Noticed a draconian
   211 | D        | Noticed a draconian
   211 | D        | Noticed a draconian
   211 | D        | Noticed a draconian
   211 | D        | Noticed a draconian
   211 | D        | Noticed a draconian
   218 | D        | Killed a draconian
   219 | D        | Killed a draconian
   219 | D        | Reached skill level 13 in Axes
   219 | D        | Reached XP level 10. HP: 69/69 MP: 23/23
   220 | D        | Killed a draconian
   220 | D        | Reached skill level 10 in Fighting
   220 | D        | Reached skill level 10 in Shields
   227 | D        | Killed a draconian
   227 | D        | Killed a draconian
   228 | D        | Killed a draconian
   228 | D        | Reached skill level 14 in Axes
   230 | D        | Killed a draconian
   235 | D        | Killed a black draconian
   235 | D        | Reached XP level 11. HP: 74/74 MP: 23/25
   247 | D        | Entered arena 10.
   247 | D        | Noticed a wolf spider
   247 | D        | Noticed a scorpion
   247 | D        | Noticed a wolf spider
   247 | D        | Noticed a scorpion
   247 | D        | Noticed a jumping spider
   250 | D        | Killed a jumping spider
   253 | D        | Killed a scorpion
   254 | D        | Killed a scorpion
   255 | D        | Killed a wolf spider
   257 | D        | Killed a wolf spider
   270 | D        | Entered arena 11.
   270 | D        | Noticed a deep elf master archer
   270 | D        | Noticed a deep elf death mage
   270 | D        | Noticed a deep elf mage
   270 | D        | Noticed a deep elf fighter
   270 | D        | Noticed a deep elf blademaster
   270 | D        | Noticed a deep elf master archer
   270 | D        | Noticed a deep elf blademaster
   270 | D        | Noticed a deep elf knight
   271 | D        | Noticed a deep elf priest
   272 | D        | Killed a deep elf fighter
   277 | D        | Identified a cursed +2 rod of venom (7/13)
   279 | D        | Noticed a deep elf annihilator
   280 | D        | Killed a deep elf mage
   282 | D        | HP: 4/90 [deep elf master archer/arrow (3)]
   283 | D        | Killed a deep elf blademaster
   283 | D        | Reached skill level 15 in Axes
   284 | D        | Killed a deep elf master archer
   284 | D        | Killed a deep elf master archer
   284 | D        | Reached skill level 16 in Axes
   284 | D        | Reached XP level 12. HP: 59/82 MP: 25/27
   285 | D        | Killed a deep elf blademaster
   286 | D        | Killed a deep elf knight
   287 | D        | Killed a deep elf death mage
   290 | D        | Killed a deep elf priest
   296 | D        | Killed a deep elf annihilator
   296 | D        | Reached skill level 17 in Axes
   318 | D        | Entered arena 12.
   318 | D        | Noticed a shadow
   318 | D        | Noticed a reaper
   318 | D        | Noticed a wight
   318 | D        | Noticed an iron imp
   318 | D        | Noticed an iron devil
   319 | D        | Noticed a wight
   319 | D        | Noticed an iron devil
   321 | D        | Killed a wight
   324 | D        | Killed a wight
   326 | D        | Killed an iron imp
   326 | D        | Killed a reaper
   328 | D        | Killed a shadow
   328 | D        | Reached skill level 15 in Armour
   330 | D        | Killed an iron devil
   332 | D        | Killed an iron devil
   341 | D        | Got the +8 pearl dragon armour of Negligence {rN+ Str+3 Dex+3}
   343 | D        | Got the cursed -2 pair of boots "Liydeleps" {Str+3 Dex+4}
   371 | D        | Entered arena 13.
   371 | D        | Noticed a redback
   371 | D        | Noticed a neqoxec
   371 | D        | Noticed a neqoxec
   372 | D        | Noticed a swamp dragon
   372 | D        | Noticed a green very ugly thing
   372 | D        | Noticed an anaconda
   372 | D        | Noticed a spriggan
   372 | D        | Noticed a shining eye
   372 | D        | Noticed a shining eye
   372 | D        | a redback changed into a glowing shapeshifter
   373 | D        | Noticed an anaconda
   373 | D        | a glowing shapeshifter changed into an anaconda
   374 | D        | Noticed a death drake
   374 | D        | a swamp dragon changed into a tarantella
   374 | D        | an anaconda changed into a deep troll
   375 | D        | Killed a shining eye
   379 | D        | Killed a shining eye
   380 | D        | Killed a neqoxec
   380 | D        | a spriggan changed into a mermaid
   382 | D        | Killed an anaconda
   382 | D        | Reached skill level 15 in Evocations
   383 | D        | Killed a neqoxec
   383 | D        | a death drake changed into a swamp dragon
   384 | D        | Killed a green very ugly thing
   384 | D        | Reached skill level 18 in Axes
   384 | D        | Reached XP level 13. HP: 89/89 MP: 29/29
   403 | D        | Entered arena 14.
   403 | D        | Noticed a wraith
   403 | D        | Noticed a wraith
   404 | D        | Noticed an ice devil
   404 | D        | Noticed an ice dragon
   405 | D        | Noticed a skeletal warrior
   405 | D        | Noticed a skeletal warrior
   405 | D        | Noticed a wraith
   407 | D        | Killed a wraith
   411 | D        | Killed a wraith
   414 | D        | Killed a wraith
   414 | D        | Killed an ice dragon
   418 | D        | Killed an ice devil
   422 | D        | Killed a skeletal warrior
   422 | D        | Killed a skeletal warrior
   431 | D        | Entered arena 15.
   431 | D        | Noticed a deep elf master archer
   431 | D        | Noticed a deep elf mage
   431 | D        | Noticed a deep elf conjurer
   432 | D        | Noticed a deep elf sorcerer
   432 | D        | Noticed a deep elf master archer
   433 | D        | Noticed a deep elf sorcerer
   437 | D        | Noticed a deep elf blademaster
   441 | D        | Noticed a deep elf annihilator
   441 | D        | Noticed a deep elf high priest
   441 | D        | Noticed a deep elf high priest
   442 | D        | Noticed a deep elf conjurer
   443 | D        | Noticed a deep elf sorcerer
   443 | D        | Noticed a deep elf fighter
   443 | D        | Noticed a deep elf mage
   446 | D        | Killed a deep elf sorcerer
   447 | D        | Killed a deep elf master archer
   447 | D        | Reached skill level 19 in Axes
   449 | D        | Killed a deep elf blademaster
   452 | D        | Killed a deep elf master archer
   454 | D        | Killed a deep elf high priest
   456 | D        | Killed a deep elf mage
   456 | D        | Killed a deep elf sorcerer
   456 | D        | Reached skill level 15 in Fighting
   456 | D        | Reached skill level 20 in Axes
   458 | D        | Killed a deep elf fighter
   458 | D        | Killed a deep elf high priest
   458 | D        | Reached XP level 14. HP: 97/97 MP: 30/32
   460 | D        | Killed a deep elf sorcerer
   460 | D        | Killed a deep elf conjurer
   461 | D        | Killed a deep elf conjurer
   470 | D        | Killed a deep elf annihilator
   471 | D        | Killed a deep elf mage
   488 | D        | Entered arena 16.
   490 | D        | Noticed a shining eye
   490 | D        | Noticed a purple very ugly thing
   490 | D        | Noticed a giant slug
   490 | D        | a giant slug changed into a swamp dragon
   491 | D        | Noticed a cyan very ugly thing
   491 | D        | Noticed a swamp dragon
   491 | D        | Noticed an anaconda
   491 | D        | Noticed a red ugly thing
   491 | D        | Noticed a neqoxec
   491 | D        | Noticed a red wasp
   491 | D        | Noticed a lindwurm
   491 | D        | Noticed a basilisk
   492 | D        | Noticed a neqoxec
   492 | D        | Noticed a shining eye
   492 | D        | a swamp dragon changed into a cyclops
   492 | D        | a shining eye changed into a faun
   493 | D        | Killed a neqoxec
   494 | D        | Noticed a hippogriff
   494 | D        | a lindwurm changed into a swamp dragon
   496 | D        | Killed a red wasp
   496 | D        | Killed an anaconda
   497 | D        | Killed a neqoxec
   500 | D        | Killed a basilisk
   501 | D        | Killed a purple very ugly thing
   501 | D        | Killed a hippogriff
   501 | D        | Killed a white ugly thing
   504 | D        | Killed a shining eye
   504 | D        | Killed a white very ugly thing
   504 | D        | Reached skill level 21 in Axes
   515 | D        | Entered arena 17.
   517 | D        | Noticed a dragon
   517 | D        | Noticed a red draconian
   517 | D        | Noticed a red draconian
   518 | D        | Noticed a purple draconian
   518 | D        | Noticed an Orb Guardian
   518 | D        | Noticed a purple draconian
   519 | D        | Noticed a black draconian
   519 | D        | Noticed an electric golem
   519 | D        | Noticed an Orb Guardian
   519 | D        | Noticed a red draconian
   519 | D        | Noticed a purple draconian
   520 | D        | Noticed a red draconian
   522 | D        | Noticed an Orb Guardian
   522 | D        | Noticed a grey draconian
   522 | D        | Noticed a green draconian
   523 | D        | Noticed a green draconian
   524 | D        | Noticed a purple draconian
   525 | D        | Noticed a moth of wrath
   533 | D        | Killed an Orb Guardian
   533 | D        | HP: 2/114 [Orb Guardian (4)]
   535 | D        | Killed from afar by a red draconian

Action                   |  1- 3 |  4- 6 |  7- 9 | 10-12 | 13-15 || total
-------------------------+-------+-------+-------+-------+-------++-------
Melee: Broad axe         |     2 |     5 |    39 |    63 |    76 ||   185
Evoke: Miscellaneous     |       |       |       |     3 |     9 ||    12
  Use: Potion            |     1 |     1 |       |     2 |     4 ||     8
       Scroll            |       |       |     1 |       |     2 ||     3
 Stab: Distracted        |       |       |     1 |     1 |       ||     2
